Unix NetHack Version 5.0.0-0 post-release - last build May 31 2026 23:59:36 (970b52f25bf058293b47ddfd14a1e40e571c508c,branch:main).

Game began 2026-06-07 11:06:21, ended 2026-06-07 11:28:32.

DiePARTEI, lawful male human Tourist

                  ---------------------------------
                  |...............................|
                  |   ------......------...------.|
                           |......-.(((|...|[.!.-.|
                           |......|.!((|...|*)?.|.|
                           |......|.((.|...|(+..|.|
                          ------..------...------.|
                          |....|....{.............|
                          |._..|.......----..----.|
                          |@...|.......|  |..|..|.|
                          |r@r.|{......|  |..|..|.|
                  |   ---+--@---.......--+-..--|-.-######
                  |........rrG............)....)..|     #####
                  |   -----|-+-----....-----|----.|         #
                          ..      |....+  |..|  |.|         ###-----.----
                         |..      +....|  |..|  +.|           #.........|
                         ---      ------  ----  ---            |...<....|
                                                               |........|
                                                               ----------

DiePARTEI the Sightseer     St:10 Dx:11 Co:17 In:14 Wi:8 Ch:15  Lawful
Dlvl:7  $:144 HP:0(42) Pw:8(8) AC:5  Xp:4 T:1431  Burdened

Latest messages:
 The gnomish wizard points at you, then curses.
 The gnomish wizard points at you, then curses.
 The gnomish wizard points at you, then curses.
 The air crackles around the gnomish wizard.
 The gnomish wizard points at you, then curses.
 The priest of Offler intones:
 "Pilgrim, you enter a sacred place!"
 You have a forbidding feeling...
 The wererat hits!
 The gnomish wizard points at you, then curses.
 The gnomish wizard points at you, then curses.
 The wererat hits!
 The gnomish wizard points at you, then curses.
 In what direction? 8
 The dart hits the wererat!
 The wererat changes into a rat.
 The wererat bites!
 The gnomish wizard points at you, then curses.
 In what direction? 8
 The dart hits the wererat!
 The wererat bites!
 The gnomish wizard points at you, then curses.
 The wererat changes into a human.
 In what direction? 8
 The dart hits the wererat.
 The wererat hits!
 The air crackles around the gnomish wizard.
 The gnomish wizard points at you, then curses.
 The wererat summons help!
 A sewer rat suddenly appears next to you!
 A giant rat suddenly appears next to you!
 A giant rat suddenly appears next to you!
 A sewer rat suddenly appears next to you!
 The wererat hits!
 The gnomish wizard points at you, then curses.
 What do you want to read? [flopt-vHS or ?*] p
 As you read the scroll, it disappears.
 Your dagger glows blue for a while.
 Call a scroll labeled PRIRUTSENIE: enchantwap
 The sewer rat bites!
 The giant rat bites!
 The giant rat bites!
 The sewer rat bites!
 The wererat hits!
 You die...
 Do you want your possessions identified? [ynq] (y) y
 Do you want to see your attributes? [ynq] (y) y
 Do you want an account of creatures vanquished? [ynaq] (y) y
 Do you want to see your conduct and achievements? [ynq] (y) y
 Do you want to see the dungeon overview? [ynq] (y) y

Inventory:
 Coins    ('$')
  $ - 144 gold pieces
 Amulets  ('"')
  R - an uncursed amulet of ESP
 Weapons  (')')
  a - 21 +2 darts (at the ready)
  Q - a +3 dagger (weapon in right hand)
  V - a +0 knife
 Armor    ('[')
  D - an uncursed +0 dwarvish iron helm
  A - a cursed -3 helm of opposite alignment (being worn)
  E - an uncursed +0 pair of iron shoes (being worn)
  g - an uncursed +0 Hawaiian shirt with a water nymph motif (being worn)
  m - an uncursed +0 elven mithril-coat (being worn)
 Comestibles  ('%')
  c - 3 uncursed bananas
  r - an uncursed cream pie
  b - 11 uncursed food rations
  k - an uncursed partly eaten food ration
  s - an uncursed egg
 Scrolls  ('?')
  u - an uncursed scroll of blank paper
  H - a cursed scroll of destroy armor
  S - a cursed scroll of enchant armor
  t - an uncursed scroll of enchant weapon
  v - an uncursed scroll of identify
  f - an uncursed scroll of magic mapping
  o - a cursed scroll of taming
  l - an uncursed scroll of teleportation
 Potions  ('!')
  I - a cursed potion of booze
  B - an uncursed potion of full healing
  w - a blessed potion of gain ability
  d - an uncursed potion of gain ability
  W - an uncursed potion of healing
  K - a cursed potion of healing
  x - an uncursed potion of monster detection
  F - a cursed potion of sickness
  J - 4 potions of unholy water
 Rings    ('=')
  M - a cursed ring of aggravate monster
  L - a cursed +4 ring of gain constitution
  y - an uncursed ring of teleport control (on left hand)
 Wands    ('/')
  N - a wand of create monster (0:10)
  G - a wand of digging (0:5)
  n - a wand of enlightenment (0:13)
  Z - a wand of make invisible (0:6)
 Tools    ('(')
  O - a cursed leather drum
  P - a cursed wooden flute
  i - an uncursed credit card
  h - an expensive camera (0:34)
  q - an uncursed magic lamp
  j - a magic marker (0:20)
 Gems/Stones  ('*')
  Y - an uncursed garnet stone
  C - an uncursed worthless piece of black glass
  T - a cursed worthless piece of black glass
  U - 2 uncursed worthless pieces of orange glass
  X - an uncursed worthless piece of red glass
  e - an uncursed worthless piece of yellow glass
  z - an uncursed worthless piece of yellowish brown glass

DiePARTEI the Tourist's attributes:

Background:
 You were a Sightseer, a level 4 male human Tourist.
 You were lawful, temporarily on a mission for Blind Io
 who was opposed by The Lady (neutral) and Offler (chaotic).
 You were actually neutral.
 You were right-handed.
 You were in the Gnomish Mines, on level 7.
 You entered the dungeon 1431 turns ago.
 You had 116 experience points, 44 more were needed to attain level 5.

Basics:
 You had 0 out of 42 hit points.
 You had all 8 energy points (spell power).
 Your armor class was 5.
 Your wallet contained 144 zorkmids.
 Autopickup was off.

Final Characteristics:
 Your strength was 10 (limit:18/100).
 Your dexterity was 11 (limit:18).
 Your constitution was 17 (limit:18).
 Your intelligence was 14 (limit:18).
 Your wisdom was 8 (limit:18).
 Your charisma was 15 (limit:18).

Final Status:
 You weren't hungry.
 You were burdened; movement was slightly slowed.
 You were wielding a dagger.
 You were unskilled in dagger.

Final Attributes:
 You were stridently aligned.
 You had teleport control.
 You were guarded.
 You are dead.

Miscellaneous:
 You encountered 1 bones level.
 Total elapsed playing time was 22 minutes and 11 seconds.

Major events:
 Turn
    1: DiePARTEI the neutral male human Tourist entered the dungeon
  845: entered the Gnomish Mines
  965: attained the rank of Sightseer (level 3)
 1243: reached Mine Town
 1431: killed by a wererat

You didn't know any spells.

Skills:
 Fighting Skills
   bare handed combat [Unskilled]
   two weapon combat  [Unskilled]
   riding             [Unskilled]
 Weapon Skills
   dagger             [Unskilled]
   knife              [Unskilled]
   axe                [Unskilled]
   pick-axe           [Unskilled]
   short sword        [Unskilled]
   broadsword         [Unskilled]
   long sword         [Unskilled]
   two-handed sword   [Unskilled]
   saber              [Unskilled]
   mace               [Unskilled]
   morning star       [Unskilled]
   flail              [Unskilled]
   hammer             [Unskilled]
   quarterstaff       [Unskilled]
   polearms           [Unskilled]
   spear              [Unskilled]
   trident            [Unskilled]
   lance              [Unskilled]
   bow                [Unskilled]
   sling              [Unskilled]
   crossbow           [Unskilled]
   dart               [Basic]
   shuriken           [Unskilled]
   boomerang          [Unskilled]
   whip               [Unskilled]
   unicorn horn       [Unskilled]
 Spellcasting Skills
   divination spells  [Unskilled]
   enchantment spells [Unskilled]
   escape spells      [Unskilled]

Voluntary challenges:
 Character rerolling was not enabled.
 You were an atheist.
 You never hit with a wielded weapon.
 You never genocided any monsters.
 You never polymorphed an object.
 You never changed form.
 You used no wishes.
Achievements:
 You entered a shop.
 You entered the Gnomish Mines.
 You attained the rank of Sightseer.
 You entered Minetown.
 You entered a temple.

 The Dungeons of Doom: levels 1 to 3
    Level 1:
    Level 2:
       Some fountains.
    Level 3:
       A weapon shop, a fountain.
       Stairs down to The Gnomish Mines.
 The Gnomish Mines: levels 4 to 7
    Level 4:
       Final resting place for
          Eymerich-Pri-Elf-Mal-Cha, killed by a dwarf.
    Level 5:
    Level 6:
    Level 7: <- You were here.
       Some shops, a temple and an altar, some fountains.
       Final resting place for
          you, killed by a wererat.


Vanquished creatures:
  3 gnome leaders
  3 dwarves
  a cave spider
 13 gnomes
  3 garter snakes
  4 jackals
  a fox
  a goblin
  3 sewer rats
  2 grid bugs
  6 newts
40 creatures vanquished.

No species were genocided or became extinct.

Game over:
                       ----------
                      /          \
                     /    REST    \
                    /      IN      \
                   /     PEACE      \
                  /                  \
                  |    DiePARTEI     |
                  |      144 Au      |
                  |   killed by a    |
                  |     wererat      |
                  |                  |
                  |                  |
                  |       2026       |
                 *|     *  *  *      | *
        _________)/\\_//(\/(/\)/\//\/|_)_______

Aloha DiePARTEI the Tourist...

You died in The Gnomish Mines on dungeon level 7 with 868 points,
and 144 pieces of gold, after 1431 moves.
You were level 4 with a maximum of 42 hit points when you died.

